 Dungeon Crawl Stone Soup version 0.27.1-2-g3b301248ec (webtiles) character file.

Game seed: 1314328563306910464

931 worthlessgem the Magician (level 8, 6/58 HPs)
             Began as a Djinni Warper on Sept 27, 2021.
             Was an Initiate of Gozag.
             Quit the game on level 8 of the Dungeon.
             The game lasted 00:35:14 (9530 turns).

worthlessgem the Magician (Djinni Warper)           Turns: 9530, Time: 00:35:14

Health: 6/58       AC:  5    Str: 10    XL:     8   Next: 33%
Gold:   102        EV: 10    Int: 17    God:    Gozag SH:  0 Dex: 13

rFire    + + .     SeeInvis .   a - +0 rapier (venom)
rCold    x . .     Faith    .   (no shield)
rNeg     . . .     Spirit   .   m - +0 ring mail
rPois    ∞         Reflect  .   (no helmet)
rElec    .         Harm     .   (no cloak)
rCorr    .         Rampage  .   (no gloves)
Will     .....                  (boots unavailable)
Stlth    +.........             (no amulet)
HPRegen  0.19/turn              (no ring)
MPRegen  0.00/turn              (no ring)

@: flying
A: sickness immunity, fire resistance 2, cold vulnerability 1, float, innate
caster, hp casting, extra vitality 1
a: Renounce Religion, Potion Petition, Call Merchant, Bribe Branch


You were on level 8 of the Dungeon.
You worshipped Gozag.
Gozag was aware of your devotion.
You visited 2 branches of the dungeon, and saw 9 of its levels.
You also visited: Sewer.

You collected 269 gold pieces.
You spent 54 gold pieces at shops.
You paid 113 gold pieces to Gozag.

Inventory:

Hand Weapons
 a - a +0 rapier of venom (weapon)
 r - a +0 falchion
 x - a +0 long sword
 D - a +0 arbalest
Missiles
 d - 5 boomerangs of dispersal
 l - 13 poisoned darts (quivered)
 n - 6 boomerangs
 p - 27 bolts
 y - 4 datura-tipped darts
Armour
 k - a +0 leather armour
 m - a +0 ring mail (worn)
Jewellery
 g - a ring of fire
 i - an amulet of faith
 A - a +4 ring of protection
Wands
 s - a wand of digging (8)
Scrolls
 c - 2 scrolls of blinking
 e - 7 scrolls of identify
 f - a scroll of noise {unknown}
 h - a scroll of torment {unknown}
 j - a scroll of silence
 u - a scroll of holy word {unknown}
 v - a scroll of enchant armour {unknown}
 B - a scroll of fear {unknown}
 C - 2 scrolls of enchant weapon {unknown}
Potions
 b - a potion of lignification {unknown}
 t - a potion of resistance {unknown}


   Skills:
 - Level 4.1 Fighting
 - Level 5.2 Long Blades
 - Level 0.7 Throwing
 - Level 1.0 Armour
 - Level 2.1 Dodging
 + Level 5.3 Spellcasting


You couldn't memorise any spells.
You knew the following spells:

 Your Spells              Type           Power      Damage    Failure   Level
a - Blink                 Tloc           N/A        N/A       6%          2
b - Lesser Beckoning      Tloc           11%        N/A       12%         3
c - Gell's Gravitas       Tloc           11%        N/A       12%         3
d - Teleport Other        Tloc           22%        N/A       12%         3
e - Manifold Assault      Tloc           22%        N/A       73%         5
f - Summon Small Mammal   Summ           88%        N/A       4%          1
g - Wereblood             Tmut           22%        N/A       6%          2
h - Spider Form           Tmut/Pois      11%        N/A       12%         3
Your spell library was empty.

Dungeon Overview and Level Annotations

Branches:
Dungeon (8/15)             Temple (1/1) D:7            Lair (0/6) D:8
  Sewer (visited)

Altars:
Dithmenos
Elyvilon
Gozag
Hepliaklqana
Nemelex Xobeh
Okawaru
Ru
Trog
Vehumet
Wu Jian
Xom
The Shining One

Shops:
D:6 *?


Innate Abilities, Weirdness & Mutations

You are immune to sickness and miasma.
You are immune to poison.
Your flesh is very heat resistant. (rF++)
You are vulnerable to cold. (rC-)
You float through the air rather than walking.
You learn spells naturally, not from books.
Your magical power is your life essence.
You have superior vitality. (+4 HP)


Message History

An orc wizard comes into view. It is wielding a +0 dagger.
There is a stone staircase leading up here.
Casting: Teleport Other (dangerous; 12% risk of failure)
Confirm with . or Enter, or press ? or * to list all spells.
Aiming: Teleport Other (dangerous; 12% risk of failure)
Press: ? - help, Shift-Dir - straight line, f - warg
Aim: a warg (chance to affect: 44%)
The warg looks slightly unstable.
The warg bites you!
The orc wizard casts a spell.
The orc wizard flickers and vanishes!
Deactivating autopickup; reactivate with Ctrl-A.
The warg bites you but does no damage.
The warg disappears!
You fly upwards.
Reactivating autopickup.
There is a stone staircase leading down here.
Unknown command.
The yak barely misses you.
There is an open door here.
Casting: Teleport Other (dangerous; 12% risk of failure)
Confirm with . or Enter, or press ? or * to list all spells.
You blink.
There is a stone staircase leading down here.
You fly downwards.
There is a stone staircase leading up here.
Found a stone staircase leading down.
Found 19 gold pieces.
Found a scroll labelled RUGYDDEEXT.
Something hits you!
Deactivating autopickup; reactivate with Ctrl-A.
Something hits you. Something hits you!
You hit something. Something hits you. Something hits you!
* * * LOW HITPOINT WARNING * * *
Something hits you!
* * * LOW HITPOINT WARNING * * *
Something hits you.
* * * LOW HITPOINT WARNING * * *
Something hits you but does no damage.
Okay, then.
Are you sure you want to abandon this character and quit the game? (Confirm with "yes".)

#...##...###..##*,,***,
#....#.....#...#*,***,,
#................,**,,,
#...##.###.......#*,,,*
#..,*#.# *#..#..##,,,**
##***#.# *..#..#,,,**,
#.# *#.....+,,,,,, #.#
*....#**,,,**, #@#
*....####,,,**
#.###.......#*,,,*
#..#..#......**,,,
####.#.##......,**,,
##...........##.,,**,
*#...............,,,**
#................*,,,*
#................,,*,,
#..............##,,***


There were no monsters in sight!

Vanquished Creatures
  An ice beast (D:6)
  3 centaurs (D:6)
  2 scorpions
  A centaur skeleton (D:6)
  2 jellies (D:3)
  An orc priest (D:6)
  An iguana (D:4)
  Ijyb (D:5)
  An orc wizard (D:7)
  5 adders
  A river rat (D:6)
  A shadow imp (D:6)
  An ufetubus (D:6)
  10 worms
  3 dart slugs
  16 orcs
  6 ball pythons
  14 bats
  13 endoplasms
  12 giant cockroaches
  7 goblins
  4 hobgoblins
  18 jackals
  5 quokkas
  3 frilled lizards
  4 kobolds
  9 rats
145 creatures vanquished.

Vanquished Creatures (collateral kills)
  A bullfrog zombie (D:6)
  3 endoplasms
  2 kobolds (D:1)
  A bat (D:1)
  A frilled lizard (Sewer)
  2 goblins (D:1)
10 creatures vanquished.

Vanquished Creatures (others)
  A plant (D:8)
1 creature vanquished.

Grand Total: 156 creatures vanquished

Notes
Turn   | Place    | Note
-------+----------+-------------------------------------------
     0 | D:1      | worthlessgem the Djinni Warper began the quest for the Orb.
     0 | D:1      | Reached XP level 1. HP: 18/18 MP: 0/0
   264 | D:1      | Reached XP level 2. HP: 22/23 MP: 0/0
   683 | D:1      | Reached XP level 3. HP: 22/29 MP: 0/0
   683 | D:1      | Learned a level 1 spell: Summon Small Mammal
  2025 | D:2      | Reached XP level 4. HP: 34/34 MP: 0/0
  3399 | D:3      | Found a faded altar of an unknown god.
  3472 | D:3      | Reached XP level 5. HP: 31/40 MP: 0/0
  3472 | D:3      | Learned a level 2 spell: Wereblood
  3819 | D:3      | Found a glowing golden altar of the Shining One.
  4338 | D:5      | Entered Level 5 of the Dungeon
  4350 | D:5      | Noticed Ijyb
  4364 | D:5      | Killed Ijyb
  4365 | D:5      | Reached XP level 6. HP: 27/46 MP: 0/0
  4592 | D:5      | Found a white marble altar of Elyvilon.
  4592 | D:5      | Noticed a black bear
  4980 | D:4      | Reached skill level 5 in Long Blades
  5731 | D:4      | Reached XP level 7. HP: 26/52 MP: 0/0
  5731 | D:4      | Learned a level 3 spell: Spider Form
  6738 | D:6      | Found Enoi's General Store.
  6752 | D:6      | Found a glowing drain.
  6791 | Sewer    | Entered a sewer
  7731 | D:6      | Bought a +0 arbalest for 54 gold pieces
  7826 | D:6      | Reached XP level 8. HP: 49/58 MP: 0/0
  7944 | D:6      | Found Tollotsi's Magic Scroll Boutique.
  8389 | D:6      | Reached skill level 5 in Spellcasting
  8757 | D:7      | Noticed a yak
  8757 | D:7      | Noticed a yak
  8757 | D:7      | Noticed a yak
  8795 | D:8      | Found a bloodstained altar of Trog.
  8834 | D:7      | Found a staircase to the Ecumenical Temple.
  8844 | Temple   | Entered the Ecumenical Temple
  8998 | Temple   | Became a worshipper of Gozag Ym Sagoz the Greedy
  9530 | D:8      | Quit the game

Illustrated notes

Levels and vault maps discovered:
D:1:      pf_arrival_petrified_forest, layout_basic, nrook_mini_vaults,
          minmay_hedge_maze, amcnicky_mini_rare_corridor_liquid
D:2:      layout_loops_corners, hangedman_decor_slide_cut, grunt_ministairs_11,
          chequers_serial_rivers_micro_b, kennysheep_generic_room_8
D:3:      layout_loops_ring, mainiacjoe_overflow_six_doors_small,
          hellmonk_ecumenical_altar_lost_god
D:4:      layout_cave_pools
D:5:      layout_loops_corners, mainiacjoe_overflow_alcove_4,
          kennysheep_cross_bottleneck, minivault_27, grunt_decor_junction,
          uniq_edmund, uniq_grinder, uniq_ijyb
D:6:      layout_loops_corners, portal_sewer_entry_a, serial_shops, shop, shop
D:7:      layout_basic, temple_statues
D:8:      layout_rooms, amcnicky_altar_gilded, kennysheep_little_box,
          erik_lair_orcish_takeover, grunt_ministairs_14,
          grunt_decor_resistance, kennysheep_diamond, uniq_harold, uniq_grum
Temple:   compressed_dpeg_triangle_lava_temple

Skill      XL: |  1  2  3  4  5  6  7  8 |
---------------+-------------------------+-----
Long Blades    | 2 3 4 5 |  5.2
Fighting       | 3 4 |  4.1
Spellcasting   | 4 5 |  5.3
Throwing       | |  0.7
Armour         | |  1.0
Dodging        | |  2.1

Action                   |  1- 3 |  4- 6 |  7- 9 || total
-------------------------+-------+-------+-------++-------
Melee: Falchion          |   115 |    40 |       ||   155
       Rapier            |       |   140 |   148 ||   288
       Unarmed           |       |       |    53 ||    53
 Fire: Hunting sling     |       |    14 |       ||    14
Throw: Stone             |     2 |     1 |       ||     3
       Dart              |       |     2 |       ||     2
 Cast: Summon Small Mamm |    17 |    11 |     9 ||    37
       Blink             |     1 |     3 |     3 ||     7
       Teleport Other    |       |       |     6 ||     6
       Spider Form       |       |       |     6 ||     6
Evoke: Wand              |       |       |     1 ||     1
  Use: Scroll            |       |     3 |     2 ||     5
       Potion            |       |       |     4 ||     4
 Stab: Sleeping          |       |     1 |     1 ||     2
Armor: Leather armour    |    48 |    16 |    49 ||   113
       Ring mail         |       |    34 |    22 ||    56
       Skin              |       |       |     6 ||     6
Dodge: Dodged            |    86 |    97 |   181 ||   364
       Rpst.: Falchion   |    23 |     4 |       ||    27
